Unix NetHack Version 5.0.0-0 post-release - last build Jul 19 2026 19:10:59 (3aa4ab31751d3886436d94b585a96704892fd477,branch:main).

Game began 2026-07-21 12:23:46, ended 2026-07-21 18:06:21.

Anarchos, lawful female dwarven Valkyrie

         --------
         |.......#                          ---------
         |......|##          ---------      |......<|#         --------
         |.......##          |.......-######|.......|#     ####.......|
         |....%.|#######   ##........|     #|.......|#    ##   |......|
         |......| #    ### # |........#    #-------|-#    #    |......|
         ---.---- #      ####----.----#    #######`########    ---|----
      #######     #      #  #    #    #           #   #          ##
     ##           #    ###  ######    #           #   #          #
    #             ##   @       # #    #      ######   #          #
    #            #####q#    #### ###  #------.-----   #####    ###
  --|-----     ###  #   ----.-----    #|..........|       #  --.----------
  |).....|    ##    #   |.......>|    #|..........| #########............|
  |......-#####     #   |........|    #|...........##     #  |...........|
  |.\....----       ####|........|    #...........|       #  |...........|
  ----......|          #|........|     ------------       ###............|
     |.).[..|          #-.........                           |...........|
     |......|           ----------                           -------------
     --------

Anarchos the Fighter        St:18 Dx:15 Co:15 In:10 Wi:10 Ch:9  Lawful
Dlvl:5  $:645 HP:0(49) Pw:11(11) AC:1  Xp:6 T:3149  Hungry   Burdened

Latest messages:
 The rothe misses!
 You hit the rothe.
 The rothe misses!
 The rothe misses!
 The rothe bites!
 You hit the rothe.
 The rothe hits!
 The rothe bites!
 The rothe bites again!
 You miss the rothe.
 The rothe misses!
 The rothe misses!
 The rothe bites!
 The rothe hits!
 The rothe bites!
 The rothe misses!
 You hit the rothe.
 The rothe misses!
 The rothe misses!
 The rothe misses!
 You miss the rothe.
 The rothe hits!
 The rothe bites!
 The rothe bites again!
 You kill the rothe!
 You have much trouble lifting 2 rothe corpses.  Continue? [ynq] (q) q
 You see here 2 rothe corpses.
 There are 2 rothe corpses here; eat one? [ynq] (n) y
 This rothe corpse tastes terrible!
 You stop eating the rothe corpse.
 You miss the rothe.
 The rothe misses!
 The rothe misses!
 The rothe bites!
 You hit the rothe.
 The rothe hits!
 The rothe misses!
 The rothe bites!
 You hit the rothe!
 The rothe misses!
 The rothe bites!
 The rothe misses!
 You miss the rothe.
 You hit the rothe.
 The rothe hits!
 The rothe misses!
 The rothe bites!
 You die...
 Do you want your possessions identified? [ynq] (y) y
 Do you want to see your attributes? [ynq] (y) q

Inventory:
 Coins    ('$')
  $ - 645 gold pieces
 Weapons  (')')
  s - a +0 crossbow bolt (in quiver pouch)
  r - 4 +0 darts
  w - a +1 dagger
  d - a +0 dagger (weapon in right hand)
  a - a cursed +1 dwarvish spear
  j - 8 +0 orcish daggers
  u - a cursed -1 orcish dagger
  B - a +0 aklys
  C - a +0 aklys
  T - a cursed rustproof -1 long sword
  x - a +1 mace
  t - a +0 scimitar
  F - a +0 scimitar
 Armor    ('[')
  g - an uncursed +3 orcish helm (being worn)
  o - a cursed -1 pair of fumble boots
  c - an uncursed +4 small shield (being worn)
 Comestibles  ('%')
  R - 2 uncursed candy bars labeled "Choco Nummer"
  Q - 6 uncursed food rations
 Scrolls  ('?')
  N - 2 uncursed scrolls of light
 Spellbooks  ('+')
  Z - an uncursed spellbook of chain lightning
  S - a cursed spellbook of slow monster
 Potions  ('!')
  H - an uncursed potion of full healing
 Rings    ('=')
  I - an uncursed ring of free action
 Wands    ('/')
  E - a wand of magic missile (0:0)
 Tools    ('(')
  e - an uncursed blindfold
  k - an uncursed leash
  n - an uncursed tin whistle
 Gems/Stones  ('*')
  i - an uncursed obsidian stone
  q - an uncursed worthless piece of red glass
  f - an uncursed worthless piece of yellowish brown glass
  J - a cursed loadstone

Anarchos the Valkyrie's attributes:

Background:
 You were a Fighter, a level 6 dwarven Valkyrie.
 You were lawful, on a mission for Tyr
 who was opposed by Odin (neutral) and Loki (chaotic).
 You were right-handed.
 You were in the Dungeons of Doom, on level 5.
 You entered the dungeon 3149 turns ago.
 You had 344 experience points, 296 more were needed to attain level 7.

Basics:
 You had 0 out of 49 hit points.
 You had all 11 energy points (spell power).
 Your armor class was 1.
 Your wallet contained 645 zorkmids.
 Autopickup was on for all types.

Final Characteristics:
 Your strength was 18 (limit:18/100).
 Your dexterity was 15 (limit:20).
 Your constitution was 15 (limit:20).
 Your intelligence was 10 (limit:16).
 Your wisdom was 10 (limit:16).
 Your charisma was 9 (limit:16).

Final Status:
 You were hungry.
 You were burdened; movement was slightly slowed.
 You were wielding a dagger.
 You had basic skill with dagger.

Final Attributes:
 You were piously aligned.
 You were cold resistant.
 You were telepathic.
 You had infravision.
 You were stealthy.
 You are dead.

Miscellaneous:
 You encountered 1 bones level.
 Total elapsed playing time was 2 hours, 11 minutes and 9 seconds.

Major events:
 Turn
    1: Anarchos the lawful dwarven Valkyrie entered the dungeon
  546: attained the rank of Skirmisher (level 3)
 1649: entered the Gnomish Mines
 3125: attained the rank of Fighter (level 6)
 3149: killed by a rothe

Spells:
 Name                 Level Category     Fail Retention
 slow monster           2   enchantment  100%  76%-100%

Skills:
 Fighting Skills
   bare handed combat [Unskilled]
   two weapon combat  [Unskilled]
   riding             [Unskilled]
 Weapon Skills
   dagger             [Basic]
   axe                [Unskilled]
   pick-axe           [Unskilled]
   short sword        [Unskilled]
   broadsword         [Unskilled]
   long sword         [Unskilled]
   two-handed sword   [Unskilled]
   saber              [Unskilled]
   hammer             [Unskilled]
   quarterstaff       [Unskilled]
   polearms           [Unskilled]
   spear              [Skilled]
   trident            [Unskilled]
   lance              [Unskilled]
   sling              [Unskilled]
 Spellcasting Skills
   attack spells      [Unskilled]
   escape spells      [Unskilled]

Voluntary challenges:
 Character rerolling was not enabled.
 You never genocided any monsters.
 You never polymorphed an object.
 You never changed form.
 You used no wishes.
Achievements:
 You entered a shop.
 You attained the rank of Skirmisher.
 You entered the Gnomish Mines.
 You attained the rank of Fighter.

 The Dungeons of Doom: levels 1 to 6
    Level 1:
       A fountain.
    Level 2:
       A general store.
    Level 3:
       A general store, a fountain.
    Level 4:
       A fountain.
       Stairs down to The Gnomish Mines.
    Level 5: <- You were here.
       A throne.
       Final resting place for
          you, killed by a rothe.
    Level 6:
       Final resting place for
          HumaRuntu-Val-Hum-Fem-Law, killed by a giant mimic.
 The Gnomish Mines:
    Level 5:


Vanquished creatures:
  a small mimic
  a warhorse
  a dwarf ruler
  a dingo
  a blue jelly
  6 bugbears
 an imp
  a wood nymph
  a water nymph
  a fog cloud
  3 gnome leaders
  a gnomish wizard
  a gray ooze
  a ghoul
  2 floating eyes
  3 homunculi
  a kobold shaman
  4 rothes
  3 orc zombies
  a wererat
  2 acid blobs
  a large kobold
 12 hobgoblins
  2 yellow molds
  6 gnomes
  a gecko
  2 jackals
 10 goblins
  2 grid bugs
  2 lichens
  a kobold zombie
  5 newts
81 creatures vanquished.

No species were genocided or became extinct.

Game over:
                       ----------
                      /          \
                     /    REST    \
                    /      IN      \
                   /     PEACE      \
                  /                  \
                  |     Anarchos     |
                  |      645 Au      |
                  |   killed by a    |
                  |      rothe       |
                  |                  |
                  |                  |
                  |       2026       |
                 *|     *  *  *      | *
        _________)/\\_//(\/(/\)/\//\/|_)_______

Farvel Anarchos the Valkyrie...

You died in The Dungeons of Doom on dungeon level 5 with 2247 points,
and 645 pieces of gold, after 3149 moves.
You were level 6 with a maximum of 49 hit points when you died.

